 Dungeon Crawl Stone Soup version 0.28-a0-793-g31680bbd8b (webtiles) character file.

Game seed: 14658176232030953086

23 croobank the Magician (level 2, 0/15 HPs)
             Began as a Deep Elf Hedge Wizard on Nov 4, 2021.
             Slain by a quokka (3 damage)
             ... on level 1 of the Dungeon.
             The game lasted 00:07:03 (1048 turns).

croobank the Magician (Deep Elf Hedge Wizard)       Turns: 1048, Time: 00:07:04

Health: 0/15       AC:  2    Str:  7    XL:     2   Next: 72%
Magic:  0/10       EV: 12    Int: 18    God:
Gold:   46         SH:  0    Dex: 14    Spells: 5/11 levels left

rFire   . . .      SeeInvis .   a - +0 dagger
rCold   . . .      Faith    .   (no shield)
rNeg    . . .      Spirit   .   b - +0 robe
rPois   .          Reflect  .   c - +0 hat
rElec   .          Harm     .   (no cloak)
rCorr   .          Rampage  .   (no gloves)
Will    .....                   (no boots)
Stlth   ++........              (no amulet)
HPRegen 0.05/turn               (no ring)
MPRegen 0.12/turn               (no ring)

@: no status effects
A: no striking features
a: no special abilities


You were on level 1 of the Dungeon.
You visited 1 branch of the dungeon, and saw 1 of its levels.

You collected 46 gold pieces.

Inventory:

Hand Weapons
 a - a +0 dagger (weapon)
Missiles
 d - 25 stones
Armour
 b - a +0 robe (worn)
 c - a +0 hat (worn)
Scrolls
 f - a scroll of acquirement {unknown}
 h - a scroll of fear {unknown}


   Skills:
 + Level 2.7 Dodging
 + Level 2.6 Stealth
 + Level 5.4 Spellcasting
 + Level 1.2 Conjurations
 + Level 1.1 Summonings
 + Level 1.1 Translocations


You had 5 spell levels left.
You knew the following spells:

 Your Spells              Type           Power      Damage    Failure   Level
a - Magic Dart            Conj           36%        1d4       8%          1
b - Slow                  Hex            16%        N/A       13%         1
c - Blink                 Tloc           16%        N/A       12%         2
d - Call Imp              Summ           8%         N/A       12%         2

Your spell library contained the following spells:

 Spells                   Type           Power      Damage    Failure   Level
 Conjure Flame            Conj/Fire      7%         6-21      30%         3
 Mephitic Cloud           Conj/Pois/Air  6%         N/A       32%         3


Dungeon Overview and Level Annotations

Branches:
Dungeon (1/15)

Altars:

Shops:
D:1 =?


Message History

Okay, then.
Unknown command.
Aiming: Magic Dart (safe; 8% risk of failure)
Press: ? - help, Q - select action, (/) - cycle Shift-Dir - straight line, f/p - quokka
Aim: a quokka (severely wounded, 100% to hit)
The magic dart hits the quokka but does no damage.
The quokka is severely wounded.
The quokka bites you but does no damage.
The jackal barely misses you.
You don't have enough magic to cast this spell.
You don't have enough magic to cast this spell.
The quokka barely misses you. The jackal bites you.
The jackal barely misses you.
You barely miss the jackal. The jackal bites you.
You hit the jackal but do no damage. The jackal bites you.
You hit the jackal but do no damage. The jackal barely misses you.
The jackal bites you.
You miss the jackal. The jackal closely misses you.
The jackal barely misses you.
Found Owusto Gunu's Magic Scroll Shop.
The jackal bites you.
* * * LOW HITPOINT WARNING * * *
It was a potion of haste.
You feel yourself speed up. The jackal barely misses you.
Aiming: Magic Dart (safe; 8% risk of failure)
Press: ? - help, Q - select action, (/) - cycle Shift-Dir - straight line, f/p - quokka
Aim: a quokka (severely wounded, 100% to hit)
The magic dart hits the jackal.
The jackal is severely wounded.
Aiming: Magic Dart (safe; 8% risk of failure)
Press: ? - help, Q - select action, (/) - cycle Shift-Dir - straight line, f/p - quokka
Aim: a quokka (severely wounded, 100% to hit)
The magic dart hits the jackal.
You kill the jackal!
It was a potion of cancellation.
Your magical effects are unravelling.
You feel magically purged.
You feel yourself slow down. The quokka bites you.
You die...

.........$..#..>......
.......⌠._.⌠#...####.#
.....#......#...# #
..>........#...# #
.##..#.....†####.#
#..............#
....##....†..##.# .. ##.
#.##.#.....# #.#
#.###.##@#..##.# #.#
#.≈≈≈..r.#..##.# #.#
#≈≈≈≈≈####..##.# #.#
#≈≈∩≈≈......##.# #.#
#≈≈.≈≈.......#.####.#
##≈.≈..###..........#####
##...## #.#.#...........
##### #.#.#...##.#####
#.#.#..###.####


You could see a quokka.

Vanquished Creatures
  3 ball pythons (D:1)
  A bat (D:1)
  2 endoplasms (D:1)
  3 goblins (D:1)
  4 hobgoblins (D:1)
  3 jackals (D:1)
  A frilled lizard (D:1)
  A rat (D:1)
18 creatures vanquished.

Notes
Turn   | Place    | Note
-------+----------+-------------------------------------------
     0 | D:1      | croobank the Deep Elf Hedge Wizard began the quest for the
                  | Orb.
     0 | D:1      | Reached XP level 1. HP: 10/10 MP: 7/7
   444 | D:1      | Reached skill level 5 in Spellcasting
   446 | D:1      | Learned a level 1 spell: Slow
   510 | D:1      | Found Idaceg's Jewellery Shoppe.
   530 | D:1      | Reached XP level 2. HP: 15/15 MP: 0/10
   788 | D:1      | Learned a level 2 spell: Blink
   791 | D:1      | Learned a level 2 spell: Call Imp
   999 | D:1      | Found a faded altar of an unknown god.
  1037 | D:1      | Found Owusto Gunu's Magic Scroll Shop.
  1048 | D:1      | Slain by a quokka

Illustrated notes

Levels and vault maps discovered:
D:1:      lightli_arrival_flooded_house, layout_loops_ring, serial_shops,
          shop_statue, nicolae_shop_waterfront,
          hellmonk_ecumenical_altar_run_dry, grunt_decor_junction

Skill      XL: |  1 |
---------------+----+-----
Spellcasting   | 5 |  5.4
Dodging        | |  2.7
Stealth        | |  2.6
Conjurations   | |  1.2
Summonings     | |  1.1
Translocations | |  1.1

Action                   || total
-------------------------++-------
Melee: Dagger            ||    11
Throw: Stone             ||     1
 Cast: Magic Dart        ||    52
  Use: Potion            ||     2
       Scroll            ||     1
Armor: Robe              ||     6
Dodge: Dodged            ||    23

Table legend: (Time is in decaauts)
 A = Elapsed time spent in this place.
 B = Non-inter-level travel time spent in this place.
 C = Inter-level travel time spent in this place.
 D = Time resting spent in this place.
 E = Time spent auto-exploring this place.
 F = Levels seen in this place.
 G = Mean time per level.
                   A        B        C        D        E       F      G
               +--------+--------+--------+--------+--------+-----+--------+
         Total |   1046 |   1046 |      0 |    592 |    288 |   1 | 1046.0 |
       Dungeon |   1046 |   1046 |      0 |    592 |    288 |   1 | 1046.0 |
               +--------+--------+--------+--------+--------+-----+--------+

Top non-repeatable levels by time:
     D:1: 1046 daAuts
